 Dungeon Crawl Stone Soup version 0.20-a0-681-gf83e07f (webtiles) character file.

88 polly the Slasher (level 4, 0/34 HPs)
             Began as a Demonspawn Gladiator on Feb 19, 2017.
             Succumbed to kobold's curare-tipped needle
             ... on level 3 of the Dungeon.
             The game lasted 00:01:47 (1401 turns).

polly the Slasher (Demonspawn Gladiator)            Turns: 1401, Time: 00:01:48

Health: 0/34       AC:  9    Str: 15    XL:     4   Next: 30%
Magic:  4/4        EV:  7    Int: 10    God:
Gold:   57         SH:  0    Dex: 14    Spells: 3/3 levels left

rFire    . . .     SeeInvis .   a - +0 long sword
rCold    . . .     Gourm    .   l - +0 chain mail
rNeg     . . .     Faith    .   (no shield)
rPois    .         Spirit   .   c - +0 helmet
rElec    .         Reflect  .   (no cloak)
rCorr    .         Harm     .   (no gloves)
MR       .....                  (no boots)
Stlth    ..........             (no amulet)
Regen    0.2/turn               (no ring)
MPRegen  0.1/turn               (no ring)

@: lethally poisoned (0 -> -33), slowed, drained, very slow
A: demonic guardian 1, rot immunity
a: no special abilities


You were on level 3 of the Dungeon.
You were hungry.

You visited 1 branch of the dungeon, and saw 3 of its levels.

You collected 57 gold pieces.

Inventory:

Hand Weapons
 a - a +0 long sword (weapon)
Missiles
 d - 3 throwing nets (quivered)
Armour
 b - a +0 leather armour
 c - a +0 helmet (worn)
 l - a +0 chain mail (worn)
Scrolls
 e - 2 scrolls of identify {unknown}
 i - 2 scrolls of remove curse {unknown}
 k - a scroll of enchant weapon {unknown}
 m - a scroll of teleportation {unknown}
 n - a scroll of fog {unknown}
 p - a scroll of immolation {unknown}
Potions
 h - a potion of curing
 j - a potion of mutation {unknown}
 o - a potion of flight {unknown}
Comestibles
 f - 2 bread rations
 g - a royal jelly


   Skills:
 + Level 2.5(2.1) Fighting
 + Level 3.8(3.3) Long Blades
 + Level 1.8(1.4) Throwing
 + Level 0.3(0.0) Armour
 + Level 3.3(2.9) Dodging


You had 3 spell levels left.
You didn't know any spells.

Dungeon Overview and Level Annotations

Branches:
Dungeon (2/15)

Altars:
Zin


Innate Abilities, Weirdness & Mutations

A weak demonic guardian rushes to your aid.
You are immune to rotting.


Message History

The curare-tipped needle hits you.
You are more poisoned.
You have difficulty breathing.
You feel as though you will be slow longer.
You see here a curare-tipped needle.
You are too injured to fight recklessly!
You are too injured to fight recklessly!
You are too injured to fight recklessly!
You are too injured to fight recklessly!
You are too injured to fight recklessly!
You are too injured to fight recklessly!
* * * LOW HITPOINT WARNING * * *
You feel very sick.
The kobold unwields an uncursed blowgun.
The kobold hits you but does no damage. The kobold barely misses you.
* * * LOW HITPOINT WARNING * * *
You feel very sick. The kobold hits you but does no damage.
Your chain mail prevents you from hitting the kobold.
You die...

###### #....#
#....# #....###
### #$.....
#... #....#
#.... #....#
.....##@K..##
............#
.....#.(###....
#### ##(### #..
#(..### .
##....#
##.#.####.#.
#.#........
#..####....


You could see a kobold.

Vanquished Creatures
  3 adders (D:2)
  2 adder skeletons (D:2)
  A worm (D:1)
  A dart slug (D:1)
  3 leopard geckos
  A ball python (D:1)
  A bat skeleton (D:2)
  5 giant cockroaches
  5 goblins
  5 hobgoblins
  2 quokkas (D:2)
  3 bats
  6 frilled lizards
  A jackal zombie (D:2)
  6 kobolds
  4 rats (D:1)
49 creatures vanquished.

Notes
Turn   | Place    | Note
-------+----------+-------------------------------------------
     0 | D:1      | polly the Demonspawn Gladiator began the quest for the Orb.
     0 | D:1      | Reached XP level 1. HP: 16/16 MP: 1/1
   361 | D:1      | Gained mutation: You are immune to rotting. [demonic ancestry]
   361 | D:1      | Reached XP level 2. HP: 19/22 MP: 2/2
   863 | D:2      | Gained mutation: A weak demonic guardian rushes to your aid. [demonic ancestry]
   863 | D:2      | Reached XP level 3. HP: 15/28 MP: 3/3
  1105 | D:2      | Found a glowing silver altar of Zin.
  1266 | D:2      | Reached XP level 4. HP: 26/34 MP: 4/4
  1377 | D:2      | You fall through a shaft!
  1401 | D:3      | Succumbed to kobold's curare-tipped needle

Vault maps used:
D:1:      dpeg_arrival_connections
D:2:      old_standard_altar, serial_undead, serial_undead_a, serial_undead_a,
          serial_undead_c, serial_undead_e, item_on_display_a

Skill      XL: |  1  2 |
---------------+-------+-----
Dodging        | 3 |  3.3
Long Blades    | 3 |  3.8
Fighting       | |  2.5
Throwing       | |  1.8
Armour         | |  0.3

Action                   |  1- 3 |  4- 6 || total
-------------------------+-------+-------++-------
Melee: Long sword        |   130 |    29 ||   159
  Use: Potion            |     1 |       ||     1
  Eat: Chunk             |     1 |       ||     1
Armor: Leather armour    |    18 |       ||    18
       Chain mail        |    42 |    29 ||    71
Dodge: Dodged            |    75 |    19 ||    94
       Rpst.: Long sword |    25 |     5 ||    30
